AoeStats
← rfx

Black Forest

508679491Analyzed
2v2 RM · 7d ago on Sep 23, 2026· 59m 56s· 4 players
Game mode
Random Map
Map size
Medium (4 player)
Population
200
Speed
Normal
Resources
Standard
Victory
Conquest
Starting age
Dark Age
Ending age
Imperial Age
RankedLock teamsTeams togetherTeam positionsShared explorationLock speedFull tech treeHidden civsTurbo modeCheats
Victory
Defeat
🇺🇸 Danes · United States
817
+12
🇸🇪 Goths · Sweden
743
+15
🇷🇴 Italians · Romania
740
-14
🇷🇴 Vikings · Romania
720
-13
keriker
0:41 Loom
13:41 Feudal Age
15:49 Horse Collar
15:58 Double-Bit Axe
20:55 Castle Age
19:15 Stone Mining
21:38 Heavy Plow
21:50 Bow Saw
33:25 Imperial Age
32:02 Gold Mining
33:00 Wheelbarrow
33:03 Forging
32:54 Scale Mail Armor
34:28 Stone Shaft Mining
36:08 Iron Casting
36:09 Crop Rotation
36:46 Two-Man Saw
36:49 Hand Cart
36:31 Town Watch
36:51 Elite Huskarl
37:52 Conscription
37:33 Perfusion
39:12 Chain Mail Armor
39:57 Blast Furnace
38:58 Town Watch
39:46 Town Watch
40:09 Anarchy
40:33 Squires
39:56 Pikeman
40:46 Town Patrol
40:34 Halberdier
41:43 Man-at-Arms
41:49 Elite Skirmisher
42:34 Padded Archer Armor
42:24 Fletching
43:46 Leather Archer Armor
43:58 Bodkin Arrow
44:54 Ballistics
45:35 Chemistry
44:03 Long Swordsman
46:17 Ring Archer Armor
45:47 Bracer
46:31 Treadmill Crane
47:13 Masonry
46:56 Two-Handed Swordsman
47:12 Champion
51:33 Heated Shot
[pp] yeep woop :3
12:05 Feudal Age
17:22 Castle Age
16:53 Double-Bit Axe
16:50 Horse Collar
17:05 Stone Mining
31:01 Wheelbarrow
31:10 Caravan
35:46 Imperial Age
33:16 Fletching
33:36 Forging
33:26 Scale Mail Armor
33:50 Bow Saw
33:44 Heavy Plow
33:46 Gold Mining
35:48 Ballistics
35:25 Murder Holes
36:12 Iron Casting
35:52 Chain Mail Armor
35:33 Bodkin Arrow
35:11 Hamask
37:57 Hand Cart
37:29 Town Watch
38:33 Elite Jomsviking
39:26 Squires
39:11 Arson
40:30 Blast Furnace
40:00 Plate Mail Armor
40:19 Plate Mail Armor
41:40 Hoardings
41:22 Onager
44:11 Siege Onager
45:19 Bracer
46:26 Chemistry
45:54 Siege Engineers
56:17 Northmen's Fury
rfx
11:08 Feudal Age
9:24 Loom
12:01 Double-Bit Axe
13:45 Horse Collar
14:49 Fishing Lines
19:43 Wheelbarrow
20:07 Gold Mining
24:15 Castle Age
22:59 Padded Archer Armor
23:11 Forging
23:01 Scale Mail Armor
23:01 Stone Mining
24:26 Fletching
24:46 Scale Barding Armor
25:34 Heavy Plow
25:06 Crossbowman
25:53 Thumb Ring
25:09 Pikeman
26:25 Town Watch
27:22 Stone Shaft Mining
27:04 Gillnets
28:48 Squires
28:34 Arson
28:11 Man-at-Arms
29:26 Bow Saw
30:03 Caravan
32:09 Hand Cart
32:03 Bodkin Arrow
32:24 Leather Archer Armor
31:57 Long Swordsman
33:47 Town Patrol
35:18 Silk Road
38:22 Imperial Age
35:33 Elite Skirmisher
38:42 Ballistics
39:28 Conscription
39:42 Crop Rotation
40:15 Two-Man Saw
40:20 Chemistry
40:55 Hoardings
39:55 Arbalester
41:00 Bracer
41:15 Leather Archer Armor
41:36 Iron Casting
41:44 Two-Handed Swordsman
44:24 Pirotechnia
44:34 Leather Archer Armor
45:20 Blast Furnace
44:36 Chain Mail Armor
44:01 Champion
45:11 Murder Holes
45:27 Masonry
49:09 Light Cavalry
50:00 Bloodlines
49:51 Husbandry
49:12 Cavalier
Serget Alupigus
11:05 Feudal Age
21:52 Stone Mining
21:56 Gold Mining
24:45 Castle Age
23:05 Fishing Lines
24:02 Double-Bit Axe
24:06 Horse Collar
26:46 Bow Saw
28:08 Gillnets
29:30 Gold Shaft Mining
28:57 Heavy Plow
32:28 Caravan
34:36 Chieftains
39:28 Imperial Age
39:44 Elite Skirmisher
40:38 Forging
40:29 Scale Mail Armor
40:34 Scale Barding Armor
40:19 Fletching
40:29 Padded Archer Armor
40:20 Elite Berserk
41:21 Conscription
41:11 Bogsveigar
43:07 Crop Rotation
43:40 Two-Man Saw
43:07 Chain Mail Armor
43:27 Iron Casting
44:42 Squires
44:29 Arson
45:54 Plate Mail Armor
45:40 Leather Archer Armor
45:21 Bodkin Arrow
44:59 Elite Varangian Guard
45:54 Capped Ram
48:57 Chemistry
47:48 Heated Shot
47:54 Murder Holes
48:05 Siege Engineers
48:13 Masonry
47:47 Treadmill Crane
47:34 Pikeman
48:22 Town Watch
49:40 Blast Furnace
49:02 Chain Barding Armor
49:13 Ring Archer Armor
49:45 Hoardings
54:03 Cavalier
57:21 Onager
Connection lost

Rejoining the realm…

Still unreachable

The connection could not be restored.

Session expired

The server has moved on; the page needs a fresh start.